 Dungeon Crawl Stone Soup version 0.23.2-33-g5129a83 (webtiles) character file.

Game seed: 10379786269413867265

737 Aphrodieselac the Spear-Bearer (level 7, -2/50 HPs)
             Began as a Merfolk Skald on Aug 5, 2019.
             Was a Follower of Okawaru.
             Slain by a sky beast (5 damage)
             ... on level 4 of the Dungeon.
             The game lasted 00:23:58 (6067 turns).

Aphrodieselac the Spear-Bearer (Merfolk Skald)      Turns: 6067, Time: 00:23:59

Health: -2/50      AC:  4    Str: 12    XL:     7   Next: 74%
Magic:  10/10      EV: 15    Int: 14    God:    Okawaru [*.....]
Gold:   143        SH:  0    Dex: 13    Spells: 2/10 levels left

rFire    . . .     SeeInvis .   y - +0 glaive
rCold    . . .     Gourm    .   (shield currently unavailable)
rNeg     . . .     Faith    .   b - +1 leather armour
rPois    .         Spirit   .   (no helmet)
rElec    .         Reflect  .   (no cloak)
rCorr    .         Harm     .   (no gloves)
MR       .....                  (no boots)
Stlth    +.........             (no amulet)
HPRegen  0.16/turn              w - +3 ring of evasion
MPRegen  0.12/turn              (no ring)

@: studying Maces & Flails
A: change form in water, swift swim, stealthy swim
a: Heroism, Renounce Religion


You were on level 4 of the Dungeon.
You worshipped Okawaru.
Okawaru was aware of your devotion.
You were hungry.

You visited 2 branches of the dungeon, and saw 6 of its levels.

You collected 143 gold pieces.

Inventory:

Hand Weapons
 a - a +0 spear
 q - a +3 dagger of venom
 y - a +0 glaive (weapon)
Missiles
 o - 45 sling bullets
 p - a throwing net (quivered)
 v - 18 poisoned needles
 B - 8 needles of paralysis
Armour
 b - a +1 leather armour (worn)
Jewellery
 r - an uncursed ring of fire
 w - a +3 ring of evasion (left hand)
 C - an uncursed ring of teleportation
Scrolls
 c - a scroll of remove curse
 g - 2 scrolls of enchant weapon
 l - a scroll of identify
 m - 2 scrolls of teleportation
Potions
 e - 2 potions of cancellation {unknown}
 f - a potion of magic
 h - 2 potions of curing {unknown}
 k - a potion of degeneration {unknown}
 t - 2 potions of might {unknown}
 u - a potion of mutation
Books
 A - a manual of Maces & Flails
Comestibles
 d - 10 rations


   Skills:
 - Level 2.1 Fighting
 * Level 9.0 Polearms
 - Level 0.6 Armour
 - Level 2.6 Dodging
 - Level 2.0 Spellcasting
 + Level 7.1 Charms


You had 2 spell levels left.
You knew the following spells:

 Your Spells              Type           Power        Failure   Level  Hunger
a - Infusion              Chrm           ###.         1%          1    ##.....
b - Song of Slaying       Chrm           ###.....     2%          2    ###....
c - Shroud of Golubria    Chrm/Tloc      ##........   11%         2    ###....
d - Spectral Weapon       Hex/Chrm       ##......     22%         3    ####...

Your spell library contained the following spells:

 Spells                   Type           Power        Failure   Level  Hunger
 Beastly Appendage        Tmut           #.....       30%         1    ##.....
 Regeneration             Chrm/Necr      ##........   22%         3    ####...


Dungeon Overview and Level Annotations

Branches:
Dungeon (5/15)             Temple (1/1) D:4

Altars:
Fedhas
Okawaru
Qazlal
Sif Muna
Trog


Message History

* * * LOW HITPOINT WARNING * * *
Something hits you.
* * * LOW HITPOINT WARNING * * *
Something shocks you.
* * * LOW HITPOINT WARNING * * *
Something hits you but does no damage.
A sky beast appears from thin air!
Reactivating autopickup.
You closely miss the sky beast.
The sky beast is lightly wounded.
The sky beast misses you.
You slash the sky beast!
The sky beast is heavily wounded.
The sky beast closely misses you.
You closely miss the sky beast.
The sky beast is heavily wounded.
The sky beast hits you.
* * * LOW HITPOINT WARNING * * *
The sky beast shocks you.
You die...

## ######## ####### .# #......#
#...... .# #.[....# #...... .#
#......# #...... .# #......#
#.[.... .# #.>....#####...... .#
#......#...##..... .#
#Y≈....#....#..... .#####
#######@.....#....#..... .....#
#............#....#..... .....#
#............#....#..... .....#
#............#....#..... .....#
#............#....#.....
.....#####[...........####'#.....
............[#+###'##.......#'###
.............#......#.......#....
.............#......+.......#....


You could see a sky beast.

Vanquished Creatures
  A water moccasin (D:5)
  An orc warrior (D:4)
  An ogre (D:4)
  A howler monkey (D:4)
  A crimson imp (D:5)
  A bullfrog zombie (D:5)
  A jelly (D:5)
  4 orc wizards
  A centaur skeleton (D:4)
  A worker ant (D:4)
  2 gnolls
  5 adders
  A shadow imp (D:5)
  3 oozes
  2 worms (D:2)
  3 dart slugs
  6 leopard geckos
  6 orcs
  7 giant cockroaches
  6 hobgoblins
  8 kobolds
  2 quokkas
  3 ball pythons
  5 bats
  4 frilled lizards
  6 goblins
  8 rats
90 creatures vanquished.

Notes
Turn   | Place    | Note
-------+----------+-------------------------------------------
     0 | D:1      | Aphrodieselac the Merfolk Skald began the quest for the
                  | Orb.
     0 | D:1      | Reached XP level 1. HP: 16/16 MP: 3/3
    62 | D:1      | Reached XP level 2. HP: 20/22 MP: 5/5
   173 | D:1      | Learned a level 2 spell: Song of Slaying
   176 | D:1      | Learned a level 2 spell: Shroud of Golubria
   333 | D:1      | Reached skill level 4 in Polearms
   441 | D:1      | Reached XP level 3. HP: 18/27 MP: 0/6
  1144 | D:2      | Reached XP level 4. HP: 13/33 MP: 1/7
  1533 | D:2      | Reached skill level 5 in Polearms
  2807 | D:3      | Reached XP level 5. HP: 38/38 MP: 8/8
  2812 | D:3      | Learned a level 3 spell: Spectral Weapon
  3013 | D:3      | Found a deep blue altar of Sif Muna.
  3188 | D:3      | Reached skill level 5 in Charms
  3910 | D:3      | Reached skill level 6 in Polearms
  3913 | D:3      | Identified Sif Muna's Handbook of Transformation
  4008 | D:3      | Found a stormy altar of Qazlal.
  4061 | D:3      | Found a blossoming altar of Fedhas.
  4061 | D:3      | Found an iron altar of Okawaru.
  4065 | D:3      | Became a worshipper of Warmaster Okawaru
  4221 | D:5      | Entered Level 5 of the Dungeon
  4284 | D:4      | Noticed an orc warrior
  4587 | D:4      | Killed an orc warrior
  4587 | D:4      | Reached XP level 6. HP: 27/44 MP: 1/9
  4726 | D:4      | Reached skill level 7 in Polearms
  4876 | D:5      | Noticed a water moccasin
  4896 | D:5      | Killed a water moccasin
  4896 | D:5      | Reached * piety under Okawaru
  4896 | D:5      | Reached skill level 8 in Polearms
  4896 | D:5      | Reached XP level 7. HP: 19/50 MP: 4/10
  5677 | D:4      | Found a staircase to the Ecumenical Temple.
  5688 | Temple   | Entered the Ecumenical Temple
  5999 | D:5      | Found a bloodstained altar of Trog.
  6025 | D:5      | Reached skill level 9 in Polearms
  6067 | D:4      | Slain by a sky beast

Skill      XL: |  1  2  3  4  5  6  7 |
---------------+----------------------+-----
Polearms       | 4 5 6 8 9 |  9.0
Charms         | 4 5 6 7 |  7.1
Fighting       | |  2.1
Armour         | |  0.6
Dodging        | |  2.6
Spellcasting   | |  2.0

Action                   |  1- 3 |  4- 6 |  7- 9 || total
-------------------------+-------+-------+-------++-------
Melee: Spear             |   103 |   242 |       ||   345
       Tailslap          |       |     1 |       ||     1
       Glaive            |       |    30 |    37 ||    67
 Cast: Infusion          |     5 |    11 |     2 ||    18
       Shroud of Golubri |     1 |     8 |       ||     9
       Song of Slaying   |       |     6 |       ||     6
  Use: Scroll            |       |     4 |     8 ||    12
 Stab: Sleeping          |     3 |     2 |       ||     5
  Eat: Chunk             |     1 |    10 |     3 ||    14
       Ration            |       |     1 |       ||     1
Armor: Leather armour    |    12 |    30 |     6 ||    48
Dodge: Dodged            |    41 |   113 |    19 ||   173
